 Dungeon Crawl Stone Soup version 0.28.0 (webtiles) character file.

Game seed: 9645398811385841186

91 Dorkslayer the Skirmisher (level 4, -2/31 HPs)
             Began as an Octopode Fighter on June 21, 2022.
             Slain by an orc (7 damage)
             ... on level 2 of the Dungeon.
             The game lasted 00:02:53 (1238 turns).

Dorkslayer the Skirmisher (Octopode Fighter)        Turns: 1238, Time: 00:02:55

Health: -2/31      AC:  1    Str: 17    XL:     4   Next: 57%
Magic:  4/4        EV: 13    Int: 10    God:
Gold:   65         SH:  4    Dex: 11    Spells: 3/3 levels left

rFire   . . .      SeeInvis .   a - +0 long sword
rCold   . . .      Faith    .   b - +0 buckler
rNeg    . . .      Spirit   .   (helmet restricted)
rPois   .          Reflect  .   (no amulet)
rElec   .          Harm     .   (no ring)
rCorr   .          Rampage  .   (no ring)
Will    .....                   (no ring)
Stlth   +++.......              (no ring)
HPRegen 0.10/turn               (no ring)
MPRegen 0.09/turn               (no ring)
                                (no ring)
                                (no ring)

@: no status effects
A: almost no armour, amphibious, 8 rings, camouflage 1, gelatinous body 1,
(nimble swimmer 1), tentacles
a: no special abilities


You were on level 2 of the Dungeon.
You visited 1 branch of the dungeon, and saw 2 of its levels.

You collected 65 gold pieces.

Inventory:

Hand Weapons
 a - a +0 long sword (weapon)
Armour
 b - a +0 buckler (worn)
Scrolls
 d - a scroll of noise {unknown}
 e - a scroll of immolation
 f - 3 scrolls of fear
Potions
 c - a potion of might
 h - 2 potions of heal wounds


   Skills:
 + Level 3.4 Fighting
 + Level 2.7 Long Blades
 + Level 3.3 Dodging
 + Level 2.3 Stealth
 + Level 3.2 Shields
 * Level 1.7 Unarmed Combat


You had 3 spell levels left.
You didn't know any spells.
Your spell library was empty.

Dungeon Overview and Level Annotations

Branches:
Dungeon (2/15)

Altars:


Innate Abilities, Weirdness & Mutations

You cannot wear most types of armour.
You are amphibious.
You can wear up to eight rings at the same time.
Your skin changes colour to match your surroundings (Stealth+).
Your rubbery body absorbs attacks. (AC +1, EV +1)
((You are camouflaged when in or above water. (Stealth+)))
You have tentacles for arms and can constrict up to eight enemies at once.


Message History

An orc priest comes into view.
It is wielding a +0 flail. 2 orcs come into view. 2 orcs come into view.
The orc hits you with a +0 club.
You barely miss the orc. You grab the orc. You constrict the orc.
You block the orc's attack. The orc hits you with a +0 club.
You hit the orc.
You kill the orc!
The orc priest shouts!
Things that are here:
a +0 club; an orc corpse You start resting.
An orc priest is nearby!
The orc priest hits you with a +0 flail.
The orc shouts!
You hit the orc priest. You grab the orc priest.
Your squeeze misses the orc priest.
The orc priest is lightly wounded.
You constrict the orc priest, but do no damage.
You hear a shout!
The orc priest barely misses you.
You hit the orc priest.
You squeeze the orc priest, but do no damage.
The orc priest is moderately wounded.
You constrict the orc priest. The orc priest barely misses you.
You slash the orc priest!
The orc priest is almost dead.
You constrict the orc priest.
You kill the orc priest!
The orc hits you with a +0 hand axe.
You hit the orc. Your grab misses the orc.
The orc is almost dead.
The orc hits you with a +0 hand axe.
You hit the orc but do no damage. You grab the orc.
The orc is almost dead.
You constrict the orc, but do no damage.
The orc hits you from afar with a +0 trident!
* * * LOW HITPOINT WARNING * * *
The orc hits you with a +0 hand axe!
You die...

#.## .⌠.### # #...
#.# .....# #...
#.#.oo....# #...
#.#.≈o..≈.# #...
#.#.......#.###...
#.#.......#.......
#.#.......#.......
#.#.≈...≈.#.......
#@#.......#.##....
#.oo....... #....
#####...### ##....
............
#######.... #....
#.... #.... #....


You could see 2 orcs.

Vanquished Creatures
  An orc priest (D:2)
  An adder (D:2)
  A worm (D:2)
  2 dart slugs
  An orc (D:2)
  6 endoplasms
  4 giant cockroaches (D:1)
  2 goblins (D:1)
  3 hobgoblins (D:1)
  A quokka (D:1)
  8 ball pythons
  3 bats
  A frilled lizard (D:2)
  4 kobolds
  3 rats
41 creatures vanquished.

Notes
Turn   | Place    | Note
-------+----------+-------------------------------------------
     0 | D:1      | Dorkslayer the Octopode Fighter began the quest for the
                  | Orb.
     0 | D:1      | Reached XP level 1. HP: 16/16 MP: 1/1
   111 | D:1      | Reached XP level 2. HP: 21/21 MP: 2/2
   216 | D:1      | Reached skill level 1 in Stealth
   379 | D:1      | Reached skill level 1 in Unarmed Combat
   395 | D:1      | Reached XP level 3. HP: 15/26 MP: 3/3
   943 | D:2      | Reached XP level 4. HP: 31/31 MP: 4/4
  1238 | D:2      | Slain by an orc

Illustrated notes

Levels and vault maps discovered:
D:1:      wander_arrival_peaceful_grave, layout_rooms, minmay_misc_feat_rows,
          chequers_serial_rivers_marsh, minmay_tall_x
D:2:      cheibrodos_pilgrimage, layout_basic

Skill      XL: |  1  2  3 |
---------------+----------+-----
Stealth        | 1 2 |  2.3
Unarmed Combat | 1 |  1.7
Fighting       | |  3.4
Long Blades    | |  2.7
Dodging        | |  3.3
Shields        | |  3.2

Action                   |  1- 3 |  4- 6 || total
-------------------------+-------+-------++-------
Melee: Long sword        |    55 |     7 ||    62
       Constrict         |    15 |     3 ||    18
       Tentacles         |    10 |     1 ||    11
  Use: Scroll            |     4 |       ||     4
 Stab: Sleeping          |    12 |       ||    12
Armor: Skin              |     3 |       ||     3
Dodge: Dodged            |    34 |     2 ||    36
Block: Buckler           |     9 |     1 ||    10
